 Dungeon Crawl Stone Soup version 0.30-a0-800-g7c544603b3 (webtiles) character file.

Game seed: 4319216840915552101

1222 Zenkrye the Spear-Bearer (level 8, -1/63 HPs)
             Began as a Human Cinder Acolyte on Feb 21, 2023.
             Was a High Priest of Ignis.
             Slain by an orc warrior
             ... wielding a +0 battleaxe
              (9 damage)
             ... on level 6 of the Dungeon.
             The game lasted 00:11:43 (5001 turns).

Zenkrye the Spear-Bearer (Human Cinder Acolyte)     Turns: 5001, Time: 00:11:43

Health: -1/63      AC: 11    Str: 16    XL:     8   Next: 76%
Magic:  0/9        EV:  6    Int: 16    God:    Ignis [*****.]
Gold:   236        SH:  0    Dex:  8    Spells: 9/9 levels left

rFire   + . .      SeeInvis .    a - +0 spear (flame)
rCold   . . .      Faith    .    (no shield)
rNeg    . . .      Spirit   +    c - +0 chain mail
rPois   .          Reflect  .    q - +2 hat
rElec   .          Harm     .    (no cloak)
rCorr   .          Rampage  .    o - +0 pair of gloves
Will    .....                    (no boots) Stlth
                                 j - amulet of guardian spirit
HPRegen 0.30/turn                (no ring)
MPRegen 0.11/turn                (no ring)

@: no status effects
A: no striking features
a: Renounce Religion, Fiery Armour, Foxfire Swarm, Rising Flame


You were on level 6 of the Dungeon.
You worshipped Ignis.
Ignis was extremely pleased with you.
You visited 1 branch of the dungeon, and saw 6 of its levels.

You collected 236 gold pieces.

Inventory:

Hand Weapons
 a - a +0 spear of flaming (weapon)
Missiles
 f - 4 datura-tipped darts
 k - 4 javelins (quivered)
 n - 2 boomerangs
 t - 8 atropa-tipped darts
Armour
 b - a +0 robe
 c - a +0 chain mail (worn)
 e - a +0 plate armour
 o - a +0 pair of gloves (worn)
 q - a +2 hat (worn)
Jewellery
 j - an amulet of guardian spirit (around neck)
Wands
 d - a wand of iceblast (4) {@v4}
 p - a wand of flame (3)
Scrolls
 i - a scroll of identify {@r1}
 l - 2 scrolls of magic mapping
 m - 2 scrolls of teleportation {@r3}
 s - a scroll of fear
Potions
 g - a potion of ambrosia {unknown}
 h - 2 potions of attraction
 r - a potion of flight {unknown}


   Skills:
 + Level 5.6 Fighting
 * Level 8.4 Polearms
 - Level 1.0 Spellcasting
 - Level 3.0 Fire Magic
 + Level 3.4 Evocations


You had 9 spell levels left.
You didn't know any spells.
Your spell library contained the following spells:

 Spells                   Type           Power      Damage    Failure   Level
 Scorch                   Fire           20%        2d6       91%         2
 Slow                     Hex            0%         N/A       99%         1
 Cigotuvi's Dreadful Rot  Necr/Pois/Air  0%         N/A       100%        2
 Confusing Touch          Hex            0%         N/A       100%        3
 Vampiric Draining        Necr           0%         2d6       100%        3
 Animate Dead             Necr           0%         N/A       100%        4
 Dispel Undead            Necr           0%         3d6       100%        4
 Death Channel            Necr           0%         N/A       100%        6
 Haunt                    Necr/Summ      0%         N/A       100%        7
 Infestation              Necr           0%         N/A       100%        8


Dungeon Overview and Level Annotations

Branches:
Dungeon (6/15)             Temple (0/1) D:6

Altars:
Hepliaklqana
Nemelex Xobeh
Wu Jian

Shops:
D:2 [

Annotations:
D:3 1 transporter, Grinder


Message History

Your attack snaps the orc warrior out of its fear.
The orc warrior is moderately wounded.
Reach: a) +0 spear (flame)
Press: ? - help, Dir - move target, f/p - orc warrior
Aim: an orc warrior, wielding a +0 battleaxe and wearing a +0 plate armour (moderately wounded, about 36% to evade your +0 spear of flaming)
You reach to attack!
You hit the orc warrior but do no damage.
The orc warrior is moderately wounded.
Aiming: Iceblast
Press: ? - help, Shift-Dir - straight line, f/p - orc warrior
Aim: an orc warrior, wielding a +0 battleaxe and wearing a +0 plate armour (moderately wounded)
The mass of ice explodes!
The iceblast engulfs the orc warrior!
The orc warrior is almost dead.
The iceblast engulfs the orc!
You kill the orc!
You hear a shout!
You hit the orc warrior. You burn the orc warrior.
The orc warrior is almost dead.
The orc warrior hits you but does no damage.
You hit the orc warrior but do no damage.
The orc warrior is almost dead.
The orc warrior barely misses you.
You hit the orc warrior but do no damage.
The orc warrior is almost dead.
You hit the orc warrior but do no damage.
The orc warrior is almost dead.
The orc warrior hits you with a +0 battleaxe!
You hit the orc warrior but do no damage.
The orc warrior is almost dead.
The orc warrior hits you with a +0 battleaxe!
* * * LOW HITPOINT WARNING * * *
You closely miss the orc warrior.
The orc warrior is almost dead.
You hit the orc warrior but do no damage.
The orc warrior is almost dead.
The orc warrior hits you with a +0 battleaxe!
* * * LOW HITPOINT WARNING * * *
You feel better.
The orc warrior hits you with a +0 battleaxe!
You die...

. ....... 5.
....... o..
....... ....
.......
####.o...
.<......
#.)...o..
........ #.#
......... #o#
.........
#@#####
.........
#.....#
.........
#.....#
.........
#.....#
........)
#.....#
.#......
#.....#
##...<.
#.....# ######
#.....#
########.....#


You could see an orc warrior.

Vanquished Creatures
  2 water moccasins
  An ice beast (D:5)
  An ogre (D:4)
  2 phantoms
  3 scorpions
  2 howler monkeys
  3 hounds
  A jelly (D:5)
  2 orc priests
  2 iguanas
  2 orc wizards
  An adder (D:2)
  4 gnolls
  A worm (D:4)
  4 dart slugs
  14 orcs
  6 bats
  9 endoplasms
  5 giant cockroaches
  3 goblins
  5 hobgoblins
  10 kobolds
  7 quokkas
  8 ball pythons
  2 frilled lizards
  5 rats
105 creatures vanquished.

Notes
Turn   | Place    | Note
-------+----------+-------------------------------------------
     0 | D:1      | Zenkrye the Human Cinder Acolyte began the quest for the
                  | Orb.
     0 | D:1      | Reached XP level 1. HP: 18/18 MP: 2/2
    57 | D:1      | Reached XP level 2. HP: 21/24 MP: 3/3
   627 | D:1      | Reached skill level 4 in Polearms
   627 | D:1      | Reached XP level 3. HP: 29/29 MP: 4/4
   987 | D:2      | Found Nijy's Antique Armour Shop.
  1094 | D:2      | Found a faded altar of an unknown god.
  1225 | D:2      | Reached XP level 4. HP: 25/35 MP: 3/5
  1518 | D:3      | Noticed Grinder
  1518 | D:3      | Noticed a scorpion
  1676 | D:3      | Found a transporter.
  1735 | D:3      | Killed a scorpion
  1736 | D:3      | Reached skill level 5 in Polearms
  1736 | D:3      | Reached XP level 5. HP: 19/41 MP: 2/6
  2225 | D:4      | Reached XP level 6. HP: 37/48 MP: 5/7
  2330 | D:3      | Reached skill level 6 in Polearms
  2778 | D:4      | Noticed an ogre
  2782 | D:4      | Killed an ogre
  2783 | D:4      | Reached XP level 7. HP: 55/55 MP: 8/8
  2841 | D:4      | Found a hazy altar of Hepliaklqana.
  3034 | D:5      | Entered Level 5 of the Dungeon
  3034 | D:5      | Noticed a water moccasin
  3065 | D:5      | Reached skill level 1 in Evocations
  3191 | D:5      | Reached skill level 7 in Polearms
  3553 | D:5      | Reached XP level 8. HP: 53/61 MP: 9/9
  3596 | D:5      | Reached skill level 5 in Fighting
  4182 | D:5      | Reached skill level 8 in Polearms
  4337 | D:6      | Found a sparkling altar of Nemelex Xobeh.
  4338 | D:6      | Found an ornate altar of the Wu Jian Council.
  4343 | D:6      | Found a staircase to the Ecumenical Temple.
  4856 | D:6      | Identified the +3 mace of Roepnud {spect, Dex+3}
  5000 | D:6      | HP: 1/63 [orc warrior/+0 battleaxe (7)]
  5001 | D:6      | Slain by an orc warrior

Illustrated notes

Levels and vault maps discovered:
D:1:      scummos_arrival_simple_crosswalls, layout_basic
D:2:      wander_river, layout_rooms, shapermc_ecumenical_altar_pompeii,
          serial_shops, shop
D:3:      layout_basic, gammafunk_ghost_abyssal_escape, chequers_jeans,
          grunt_decor_junction, minmay_joined_circles, uniq_terence,
          uniq_grinder
D:4:      layout_cave_pools, worldfamousw_hep_ancestral_shrine
D:5:      layout_loops_ring
D:6:      layout_basic, mainiacjoe_overflow_divided_tiny,
          minmay_temple_entry_junction_2, grunt_decor_cap

Skill      XL: |  1  2  3  4  5  6  7  8 |
---------------+-------------------------+-----
Polearms       | 4 5 6 7 8 |  8.4
Fighting       | 4 5 |  5.6
Evocations     | 2 3 |  3.4
Spellcasting   | |  1.0
Fire Magic     | |  3.0

Action                     |  1- 3 |  4- 6 |  7- 9 || total
---------------------------+-------+-------+-------++-------
  Melee: Spear             |   156 |   223 |   216 ||   595
         Punch             |     1 |       |     4 ||     5
  Throw: Javelin           |     1 |     2 |     9 ||    12
  Evoke: Wand              |       |     4 |     3 ||     7
    Use: Scroll            |     3 |     4 |     4 ||    11
         Potion            |       |     7 |     2 ||     9
 Armour: Chain mail        |    77 |    77 |    79 ||   233
  Dodge: Dodged            |    34 |    49 |    48 ||   131

Table legend: (Time is in decaauts)
 A = Elapsed time spent in this place.
 B = Non-inter-level travel time spent in this place.
 C = Inter-level travel time spent in this place.
 D = Time resting spent in this place.
 E = Time spent auto-exploring this place.
 F = Levels seen in this place.
 G = Mean time per level.
                   A        B        C        D        E       F      G
               +--------+--------+--------+--------+--------+-----+--------+
         Total |   4918 |   4760 |    158 |    594 |   3179 |   6 |  819.7 |
       Dungeon |   4918 |   4760 |    158 |    594 |   3179 |   6 |  819.7 |
               +--------+--------+--------+--------+--------+-----+--------+

Top non-repeatable levels by time:
     D:5: 1021 daAuts
     D:4: 1013 daAuts
     D:1: 916 daAuts
     D:6: 701 daAuts
     D:2: 635 daAuts
     D:3: 630 daAuts
